Map: Rhoskallian LE

Players

qqq

  • Race: Protoss Protoss
  • League: Platinum
  • Spawn Location: 11:00

Massa

  • Race: Terran Terran
  • League: Platinum
  • Spawn Location: 12:00

TGNP - Winner!

  • Race: Protoss Protoss
  • League: Diamond
  • Spawn Location: 5:00

BalonoV - Winner!

  • Race: Zerg Zerg
  • League: Diamond
  • Spawn Location: 6:00

VOD

Have the link to the VOD?

Description

Time

  • Played on: Dec. 13, 2020, 8:55 a.m.
  • Length: 12:06
Show
View Real Time Build Order
Export as new Build Order

qqq Protoss 

Build Orders: Cannon Rush 

Get SALT Encoding   

  12  0:00  Probe  
  13  0:12  Probe  
  14  0:21  Pylon  
  14  0:24  Probe  
  15  0:39  Forge  
  15  0:44  Probe  
  16  0:58  Pylon  
  16  1:12  Pylon  
  16  1:16  Pylon  
  16  1:20  Pylon  
  16  1:30  Photon Cannon  
  16  1:41  Photon Cannon  
  16  1:46  Photon Cannon  
  15  1:57  Photon Cannon  
  15  2:12  Photon Cannon  
  15  2:19  Photon Cannon  
  15  2:32  Probe  
  16  2:49  Gateway  
  16  2:51  Probe  
  17  3:03  Probe  
  18  3:15  Nexus  
  18  3:18  Probe  
  19  3:29  Photon Cannon  
  19  3:37  Pylon  
  19  3:50  Probe  
  19  3:51  Pylon  
  20  3:56  Assimilator  
  20  4:02  Probe  
  21  4:11  Assimilator  
  21  4:14  Probe  
  21  4:15  Cybernetics Core  
  21  4:26  Probe (Chrono Boost)  
  23  4:31  Probe (Chrono Boost)  
  23  4:37  Probe (Chrono Boost)  
  24  4:41  Probe (Chrono Boost)  
  24  4:42  Probe (Chrono Boost)  
  26  4:52  Probe  
  27  4:53  Probe  
  27  4:57  Stargate  
  28  5:08  Photon Cannon  
  28  5:10  Pylon  
  28  5:19  Probe x2 (Chrono Boost)  
  30  5:27  Assimilator  
  32  5:28  Probe x2 (Chrono Boost)  
  32  5:31  Assimilator  
  32  5:33  Probe x2 (Chrono Boost)  
  33  5:37  Stargate  
  34  5:44  Phoenix (Chrono Boost)  
  34  5:45  Probe x2  
  38  6:05  Phoenix (Chrono Boost)  
  40  6:14  Probe x2  
  42  6:22  Phoenix  
  42  6:24  Phoenix  
  44  6:26  Probe  
  45  6:37  Protoss Air Weapons Level 1 (Chrono Boost)  
  45  6:46  Probe x2  
  47  6:47  Phoenix  
  47  6:58  Probe x2  
  47  7:10  Probe  
  47  7:12  Phoenix  
  50  7:19  Void Ray  
  50  7:20  Fleet Beacon  
  54  7:47  Phoenix  
  56  7:56  Void Ray  
  60  8:24  Probe  
  61  8:33  Nexus  
  61  8:35  Pylon  
  61  8:38  Pylon  
  61  8:44  Pylon  
  61  8:47  Pylon  
  61  8:49  Pylon  
  61  8:50  Pylon  
  61  8:52  Pylon  
  61  8:53  Carrier, Nexus  
  67  8:56  Carrier  
  73  9:10  Photon Cannon  
  73  9:13  Photon Cannon  
  73  9:15  Photon Cannon  
  73  9:18  Photon Cannon  
  73  9:26  Shield Battery  
  73  9:27  Photon Cannon  
  66  9:57  Carrier  
  66  9:58  Probe (Chrono Boost)  
  73  10:00  Tempest, Photon Cannon  
  73  10:04  Assimilator  
  79  10:07  Assimilator  
  79  10:08  Probe (Chrono Boost)  
  72  10:24  Pylon  
  72  10:27  Pylon  
  72  10:28  Pylon  
  72  10:30  Pylon  
  72  10:33  Pylon  
  72  10:43  Carrier  
  86  11:01  Carrier  
  92  11:23  Photon Cannon  
  92  11:26  Pylon  
  92  11:28  Pylon  
  92  11:30  Pylon  
Show
View Real Time Build Order
Export as new Build Order

Massa Terran 

Build Orders: Reaper Expand 

Get SALT Encoding   

  12  0:00  SCV  
  13  0:12  SCV  
  14  0:23  Supply Depot  
  14  0:24  SCV  
  15  0:40  Refinery  
  15  0:45  SCV  
  15  0:46  Barracks  
  16  0:57  SCV  
  17  1:09  SCV  
  18  1:21  SCV  
  19  1:35  SCV  
  19  1:36  Reaper  
  19  1:37  Command Center  
  21  1:47  Orbital Command  
  21  2:05  Supply Depot  
  21  2:12  Factory  
  21  2:18  SCV  
  22  2:30  SCV  
  23  2:42  Barracks Tech Lab, SCV  
  24  2:51  Orbital Command  
  24  2:54  SCV  
  24  2:57  Command Center  
  25  3:07  Hellion  
  25  3:08  Infernal Pre-Igniter  
  27  3:13  SCV  
  28  3:23  Refinery  
  28  3:25  SCV  
  29  3:29  Engineering Bay, Marine  
  29  3:30  Hellion  
  32  3:47  Marine  
  33  3:52  Hellion  
  35  4:07  SCV x2  
  35  4:08  Supply Depot  
  38  4:11  Orbital Command  
  37  4:18  Barracks Tech Lab  
  37  4:19  SCV x2, Command Center  
  37  4:24  Barracks  
  39  4:26  Hellion  
  42  4:31  SCV x2  
  42  4:37  SCV  
  44  4:43  SCV x2  
  46  4:47  Siege Tank  
  46  4:49  SCV  
  50  4:54  Marauder  
  50  4:55  SCV x2  
  54  5:01  SCV  
  55  5:10  Missile Turret  
  55  5:14  Barracks Reactor  
  55  5:16  Marauder  
  55  5:17  Missile Turret  
  55  5:18  SCV x3, Barracks  
  60  5:23  Barracks  
  60  5:25  Barracks  
  60  5:26  Terran Infantry Weapons Level 1  
  56  5:29  Armory  
  56  5:30  SCV x3  
  59  5:42  SCV  
  58  6:00  Sensor Tower  
  58  6:02  Refinery  
  58  6:03  Refinery  
  58  6:12  Starport  
  60  6:18  Marauder, Marine  
  60  6:19  Marine  
  60  6:21  Marine  
  59  6:32  Marine x2  
  56  6:36  Marine x2  
  56  6:39  Marine  
  57  6:40  Marauder  
  57  6:41  Siege Tank  
  59  6:49  Marine  
  59  6:50  Marine  
  60  6:54  Marine x2  
  60  6:56  Marine  
  63  7:01  Marauder  
  63  7:07  Marine  
  63  7:08  Marine  
  65  7:12  Marine x2  
  65  7:14  Marine  
  50  7:22  Marauder  
  50  7:25  Marine  
  50  7:26  Marine  
  50  7:27  Siege Tank  
  40  7:30  Marine x2  
  40  7:32  Marine  
  39  7:43  Marine x2  
  42  7:44  Marauder  
  42  7:46  SCV  
  42  7:47  SCV x2, Marine  
  42  7:48  Marine  
  46  7:58  SCV, Planetary Fortress  
  46  8:05  Marauder  
  49  8:10  SCV x2  
  51  8:21  Barracks Reactor, Barracks Tech Lab, Marine  
  51  8:22  Marine  
  51  8:26  SCV x3  
  51  8:27  Marauder  
  58  8:35  Missile Turret  
  58  8:38  Barracks Tech Lab  
  58  8:39  Marine  
  58  8:40  Marine  
  60  8:43  Siege Tank  
  60  8:48  Marauder  
  57  8:57  Marine  
  57  9:02  Marauder x2, Marine  
  59  9:03  Marine x2  
  59  9:09  Marauder  
  64  9:13  Refinery, SCV  
  64  9:14  Refinery, SCV x3  
  64  9:15  Marine  
  69  9:20  Refinery  
  69  9:22  Marine x3  
  69  9:23  Marauder  
  69  9:24  Marauder  
  76  9:39  Stimpack  
  76  9:42  SCV  
  76  9:43  SCV x2, Marine  
  76  9:44  SCV  
  76  9:45  Marauder  
  76  9:51  Marauder x2, Marine x3  
  74  9:54  SCV  
  74  9:55  SCV x2  
  74  9:56  SCV  
  75  10:00  Marine  
  76  10:09  Marine x2  
  76  10:10  SCV  
  76  10:11  Marauder  
  76  10:12  SCV  
  76  10:14  Marauder  
  76  10:22  Supply Depot  
  76  10:25  Supply Depot  
  76  10:44  SCV x4, Marauder, Marine x2  
  76  10:46  Marauder, Marine x2, Siege Tank  
  76  10:47  Supply Depot  
  76  10:49  Supply Depot  
  91  10:56  SCV  
  92  11:09  SCV, Marauder x3, Marine  
  92  11:10  SCV x3, Marine x2  
  105  11:14  Concussive Shells  
  105  11:18  Siege Tank  
  108  11:37  Supply Depot  
  108  11:38  Marine  
  108  11:39  SCV x2, Marine  
  108  11:40  SCV x2, Marauder x2, Marine x2, Supply Depot  
  108  11:41  Marauder, Supply Depot x2  
  72  11:51  SCV  
  61  12:05  Supply Depot  
Show
View Real Time Build Order
Export as new Build Order

TGNP Protoss - Winner!

Build Orders: Blink Stalkers 

Get SALT Encoding   

  12  0:02  Probe (Chrono Boost)  
  13  0:11  Probe (Chrono Boost)  
  14  0:18  Pylon  
  14  0:21  Probe  
  15  0:36  Probe  
  15  0:40  Gateway  
  16  0:45  Assimilator  
  16  0:48  Probe  
  17  1:00  Probe (Chrono Boost)  
  18  1:12  Probe (Chrono Boost)  
  19  1:20  Probe (Chrono Boost)  
  20  1:27  Zealot  
  20  1:30  Cybernetics Core  
  20  1:32  Pylon  
  22  1:33  Assimilator  
  22  1:54  Zealot (Chrono Boost)  
  24  2:18  Zealot (Chrono Boost)  
  26  2:28  Warp Gate  
  26  2:32  Twilight Council  
  29  2:44  Probe  
  29  2:57  Probe  
  28  3:06  Blink (Chrono Boost)  
  28  3:12  Probe  
  29  3:18  Nexus  
  29  3:24  Probe  
  29  3:25  Pylon  
  30  3:36  Probe  
  31  3:48  Probe  
  30  4:00  Probe  
  27  4:04  Gateway  
  27  4:08  Gateway  
  27  4:12  Probe (Chrono Boost)  
  27  4:16  Robotics Facility  
  28  4:24  Probe (Chrono Boost)  
  29  4:33  Probe (Chrono Boost)  
  29  4:36  Probe (Chrono Boost)  
  31  4:38  Probe  
  31  4:45  Gateway  
  32  4:46  Probe  
  32  4:50  Forge  
  32  4:51  Probe  
  34  4:58  Probe  
  35  5:01  Assimilator  
  35  5:03  Probe  
  36  5:07  Warp Prism (Chrono Boost)  
  36  5:10  Probe  
  39  5:15  Probe  
  39  5:19  Pylon  
  40  5:22  Probe  
  40  5:24  Assimilator  
  40  5:26  Stalker  
  40  5:27  Probe  
  44  5:29  Stalker  
  44  5:34  Probe  
  44  5:35  Stalker  
  49  5:39  Stalker  
  51  5:45  Probe  
  52  5:50  Templar Archives  
  52  5:52  Pylon  
  52  5:53  Pylon  
  53  6:04  Observer (Chrono Boost), Protoss Ground Weapons Level 1  
  53  6:15  Stalker x4  
  61  6:23  Probe  
  62  6:41  Stalker x4  
  62  6:45  Probe  
  69  6:54  Probe  
  69  6:56  Warp Prism  
  69  6:57  Probe  
  73  7:20  Probe  
  68  7:28  Probe  
  63  7:32  Probe  
  58  7:40  Warp Prism  
  58  7:41  Probe  
  58  7:44  Probe  
  58  7:46  Stalker x3  
  58  7:47  Stalker  
  63  7:53  Probe  
  63  7:56  Probe  
  65  8:01  Gateway  
  65  8:05  Probe, Gateway, Protoss Ground Weapons Level 2 (Chrono Boost)  
  64  8:06  Nexus  
  64  8:08  Probe  
  64  8:09  Pylon  
  64  8:11  Gateway, Pylon  
  65  8:12  Pylon  
  65  8:30  Stalker x3  
  65  8:31  Stalker  
  73  8:41  Shield Battery  
  73  8:43  Shield Battery  
  73  8:45  Gateway  
  73  8:46  Probe  
  73  8:47  Gateway  
  74  8:53  Probe  
  75  8:58  Probe  
  75  9:01  Stalker x4  
  84  9:15  Probe  
  85  9:20  Assimilator  
  85  9:21  Probe x2  
  85  9:24  Assimilator  
  87  9:26  Pylon  
  87  9:27  Probe  
  87  9:28  Pylon  
  87  9:29  Observer  
  89  9:44  Stalker x3  
  89  9:45  Stalker  
  95  9:51  Nexus  
  95  9:59  Stalker x4  
  101  10:18  Probe x2  
  103  10:26  High Templar x4  
  103  10:27  High Templar x5  
  121  10:30  Archon x2  
  121  10:31  Archon x2  
  121  10:36  Pylon  
  121  10:38  Pylon  
  121  10:41  Assimilator  
  121  10:56  Gateway  
  121  10:57  Gateway  
  121  10:59  Gateway  
  121  11:01  Gateway  
  121  11:03  Pylon  
  121  11:07  High Templar x2  
  121  11:08  High Templar  
  121  11:09  High Templar  
  121  11:10  Stalker  
  121  11:11  Stalker  
  133  11:12  Archon x2  
  133  11:20  High Templar  
  133  11:24  Archon  
  133  11:25  Probe  
  136  11:26  Probe  
  136  11:28  Probe  
  136  11:29  Probe  
  139  11:37  Probe  
  139  11:38  Probe  
  133  11:40  Probe  
  133  11:41  Probe  
  123  11:50  Stalker x6  
  123  11:51  Stalker x2  
Show
View Real Time Build Order
Export as new Build Order

BalonoV Zerg - Winner!

Build Orders: Hatch First 

Get SALT Encoding   

  12  0:00  Drone  
  13  0:13  Overlord  
  13  0:18  Drone  
  14  0:31  Drone x2  
  16  0:50  Hatchery  
  16  0:53  Drone  
  16  0:56  Drone  
  17  1:04  Drone  
  18  1:12  Extractor  
  17  1:19  Spawning Pool  
  17  1:22  Drone  
  17  1:27  Drone  
  18  1:40  Drone x2  
  20  1:50  Overlord  
  20  2:05  Queen  
  22  2:23  Zergling x6  
  22  2:25  Drone x2  
  22  2:26  Metabolic Boost  
  27  2:32  Drone  
  28  2:39  Drone  
  28  2:40  Drone  
  30  2:44  Queen  
  30  2:47  Drone  
  30  2:49  Drone  
  35  2:58  Drone x2  
  36  3:08  Overlord  
  36  3:09  Overlord  
  36  3:18  Hatchery  
  35  3:26  Queen  
  37  3:32  Drone x2  
  39  3:34  Drone x2  
  39  3:35  Drone  
  42  3:48  Drone  
  42  3:49  Drone  
  42  3:51  Overlord  
  42  3:52  Overlord x2  
  42  3:53  Drone  
  42  3:54  Drone  
  46  4:12  Zergling x6  
  49  4:25  Drone x3, Evolution Chamber  
  49  4:26  Drone x2, Evolution Chamber  
  49  4:27  Roach Warren  
  51  4:36  Queen  
  53  4:41  Zergling x4  
  53  4:42  Zergling x4  
  57  4:53  Zerg Melee Weapons Level 1, Zerg Ground Armor Level 1  
  57  4:59  Extractor  
  56  5:00  Extractor  
  56  5:03  Drone x3  
  56  5:04  Drone x3  
  56  5:05  Drone  
  56  5:06  Drone x4  
  62  5:35  Lair  
  62  5:41  Drone x4  
  62  5:42  Drone x4  
  70  5:43  Drone  
  70  5:44  Roach x3  
  75  6:02  Zergling x8  
  75  6:04  Drone x3  
  80  6:06  Extractor, Overlord x4  
  80  6:07  Extractor  
  80  6:11  Spore Crawler  
  80  6:13  Spore Crawler  
  77  6:20  Roach  
  77  6:21  Roach  
  81  6:26  Spore Crawler  
  81  6:30  Drone x4  
  81  6:31  Drone x3  
  87  6:37  Ravager  
  88  6:46  Hatchery, Ravager x2  
  89  6:49  Zergling x14  
  89  6:50  Overlord x2  
  96  6:55  Zerg Melee Weapons Level 2  
  96  6:56  Zerg Missile Weapons Level 1, Glial Reconstitution  
  96  7:00  Drone x2  
  98  7:03  Infestation Pit  
  98  7:05  Zergling x12  
  103  7:23  Overlord x2  
  103  7:24  Overlord  
  103  7:44  Drone x3  
  103  7:45  Hydralisk Den  
  103  7:46  Extractor, Drone  
  103  7:47  Drone x6  
  111  7:57  Ravager x2  
  113  7:59  Overlord x3  
  113  8:09  Pneumatized Carapace  
  113  8:12  Drone x9  
  122  8:23  Baneling Nest  
  122  8:25  Hive  
  121  8:27  Roach  
  121  8:28  Roach x11  
  121  8:31  Overlord  
  145  8:38  Pathogen Glands  
  145  8:43  Extractor  
  145  8:44  Extractor  
  120  8:57  Hydralisk  
  120  8:58  Hydralisk x15  
  120  9:01  Zergling x4  
  145  9:07  Drone x2  
  147  9:12  Hydralisk  
  147  9:13  Hydralisk x5  
  147  9:15  Overseer  
  159  9:24  Muscular Augments  
  155  9:52  Drone x3  
  154  9:53  Drone x4, Hydralisk  
  154  9:54  Hydralisk x12  
  154  9:59  Overlord  
  184  10:00  Overlord x4  
  182  10:22  Adrenal Glands  
  171  10:30  Zergling x2  
  171  10:31  Zergling x34  
  171  10:35  Grooved Spines  
  189  10:39  Infestor  
  189  10:42  Infestor x2  
  189  10:46  Zergling x8  
  197  10:59  Baneling x8  
  197  11:14  Infestor  
  197  11:18  Ravager  
  200  11:19  Hatchery  
  199  11:26  Extractor x2  
Tags
 
Add a new tag
Caveats
  • Supply blocks, unpowered buildings, or Contaminate may cause inaccurate times.
  • Supply counts are checked every 10 seconds.